 Dungeon Crawl Stone Soup version 0.21.0 (webtiles) character file.

16 tidbits the Sneak (level 2, -3/11 HPs)
             Began as a Felid Air Elementalist on Jan 7, 2018.
             Slain by no0bjke's ghost (14 damage)
             ... on level 3 of the Dungeon.
             The game lasted 00:02:03 (242 turns).

tidbits the Sneak (Felid Air Elementalist)           Turns: 242, Time: 00:02:03

Health: -3/11      AC:  1    Str:  4    XL:     2   Next: 37%
Magic:  5/6        EV: 18    Int: 16    God:
Gold:   19         SH:  0    Dex: 16    Spells: 4/5 levels left
                                        Lives:  0   Deaths: 0

rFire    . . .     SeeInvis +     - Unarmed
rCold    . . .     Gourm    .   (shield unavailable)
rNeg     . . .     Faith    .   (armour unavailable)
rPois    .         Spirit   .   (helmet unavailable)
rElec    .         Reflect  .   (cloak unavailable)
rCorr    .         Harm     .   (gloves unavailable)
MR       .....                  (boots unavailable)
Stlth    +++.......             (no amulet)
HPRegen  0.03/turn              W - ring of wizardry
MPRegen  0.10/turn              (no ring)

@: quick
A: very small, no armour, no weapons or thrown items, stealth, claws 1, fangs 3,
see invisible, carnivore, speed 1, shaggy fur 1, slow metabolism 1, sharp paws
a: no special abilities


You were on level 3 of the Dungeon.
You were not hungry.

You visited 1 branch of the dungeon, and saw 3 of its levels.

You collected 19 gold pieces.

Inventory:

Jewellery
 W - a ring of wizardry (left paw)
   (You found it on level 1 of the Dungeon)
Scrolls
 d - a scroll of identify
 e - a scroll of magic mapping
Potions
 c - a potion of heal wounds {unknown}
Books
 a - a book of Air

   Spells                             Type                      Level
   a - Shock                          Conjuration/Air              1
   b - Swiftness                      Charms/Air                   2
   c - Static Discharge               Conjuration/Air              3
   d - Airstrike                      Air                          4
   e - Lightning Bolt                 Conjuration/Air              5
Comestibles
 b - 2 rations


   Skills:
 - Level 2.6 Dodging
 + Level 3.6 Stealth
 + Level 1.3 Unarmed Combat
 - Level 2.0 Spellcasting
 - Level 0.8 Conjurations
 - Level 2.6 Air Magic


You had 4 spell levels left.
You knew the following spells:

 Your Spells              Type           Power        Failure   Level  Hunger
a - Shock                 Conj/Air       #...         4%          1    #......


Dungeon Overview and Level Annotations

Branches:
Dungeon (3/15)

Altars:

Annotations:
D:3 no0bjke's ghost, amateur GrFi


Innate Abilities, Weirdness & Mutations

You cannot wear armour.
You are incapable of wielding weapons or throwing items.
Your paws allow you to move quietly. (Stealth)
You have sharp claws.
You have razor-sharp teeth.
You have supernaturally acute eyesight. (SInv)
You are carnivorous and can eat meat at any time.
You cover ground quickly.
You are covered in fur. (AC +1)
You have a slow metabolism.
Your sharp claws are effective at attacking unaware monsters.


Message History

Unknown command.
Unknown command.
Unknown command.
Casting: Shock
Confirm with . or Enter, or press ? or * to list all spells.
Aiming: Shock
Press: ? - help, Shift-Dir - straight line You miscast Shock.
You are very lightly contaminated with residual magic.
The air around you crackles with energy!
The adder misses you.
Unknown command.
Unknown command.
Unknown command.
Unknown command.
Unknown command.
Casting: Shock
Confirm with . or Enter, or press ? or * to list all spells.
Aiming: Shock
Press: ? - help, Shift-Dir - straight line The zap hits the adder.
The adder is almost dead.
The zap misses the adder.
The zap misses the giant cockroach.
The adder barely misses you.
Unknown command.
Unknown command.
Unknown command.
Unknown command.
Unknown command.
Unknown command.
Unknown command.
Unknown command.
Unknown command.
Unknown command.
Unknown command.
Unknown command.
Casting: Shock
Confirm with . or Enter, or press ? or * to list all spells.
You don't have enough magic to cast that spell.
You scratch the adder.
You kill the adder!
Your Stealth skill increases to level 3!
Your Unarmed Combat skill increases to level 1!
You have reached level 2!
You scratch the giant cockroach.
You kill the giant cockroach!
A frilled lizard comes into view.
The frilled lizard moves out of view.
Found 9 gold pieces.
A bat comes into view.
A bat comes into view.
A giant cockroach comes into view.
Found a whip.
Your magical contamination has completely faded away.
There is an escape hatch in the floor here.
You slide downwards.
The hatch slams shut behind you.
A goblin comes into view. It is wielding a dagger.
Found 20 sling bullets.
Found 9 stones.
The goblin shouts!
You see here 9 stones.
A hobgoblin comes into view.
Found a robe.
You pounce on the unaware helpless hobgoblin!
You claw the hobgoblin!
You kill the hobgoblin!
You open the door.
There is an open door here.
Casting: Shock
Confirm with . or Enter, or press ? or * to list all spells.
Aiming: Shock
Press: ? - help, Shift-Dir - straight line The zap hits the goblin.
The goblin is heavily wounded.
The zap hits the goblin.
You kill the goblin!
Unknown command.
Things that are here:
a dagger; a goblin corpse A gnoll comes into view.
It is wielding a spear of piercing.
The gnoll shouts!
You hear a shout! x2
Found a scroll labeled WOOFROAHEO.
A gnoll comes into view.
No0bjke's ghost (amateur Gargoyle Fighter) comes into view.
Found a silver wand.
You see here a scroll labeled WOOFROAHEO.
e - a scroll labeled WOOFROAHEO A gnoll comes into view.
It is wielding a club.
Okay, then.
You aren't carrying any items that you can evoke.
Unknown command.
Found a scroll labeled IRPHO MUVVEO.
The gnoll shouts!
A gnoll comes into view. It is wielding a halberd.
As you read the scroll labeled BOMAIZUCK RILA, it crumbles to dust.
It is a scroll of identify.
e - a scroll of magic mapping No0bjke's ghost hits you!
Ouch! That really hurt!
You die...

#.#...g.
#####.#.....
#..........g.
#......gg....
#.......g....
#...g........
#.....#.####.
#..W..#..#
#.@...##.#
#.....# /.
#..?..#
#######


You could see no0bjke's ghost and 4 gnolls.

Vanquished Creatures
  An adder (D:2)
  A giant cockroach (D:2)
  A goblin (D:3)
  A hobgoblin (D:3)
  4 frilled lizards (D:1)
8 creatures vanquished.

Notes
Turn   | Place    | Note
-------+----------+-------------------------------------------
     0 | D:1      | tidbits the Felid Air Elementalist began the quest for the Orb.
     0 | D:1      | Reached XP level 1. HP: 7/7 MP: 4/4
   163 | D:2      | Reached skill level 3 in Stealth
   163 | D:2      | Reached skill level 1 in Unarmed Combat
   163 | D:2      | Reached XP level 2. HP: 11/11 MP: 0/6
   232 | D:3      | Noticed no0bjke's ghost (amateur GrFi)
   242 | D:3      | Slain by no0bjke's ghost

Skill      XL: |  1 |
---------------+----+-----
Stealth        | 3 |  3.6
Unarmed Combat | 1 |  1.3
Dodging        | |  2.6
Spellcasting   | |  2.0
Conjurations   | |  0.8
Air Magic      | |  2.6

Action                   || total
-------------------------++-------
Melee: Unarmed           ||     5
 Cast: Shock             ||     7
  Use: Scroll            ||     1
 Stab: Sleeping          ||     2
Dodge: Dodged            ||     8

Table legend:
 A = Turns spent in this place as a percentage of turns spent in the entire game.
 B = Non-inter-level travel turns spent in this place as a percentage of non-inter-level travel turns spent in the entire game.
 C = Inter-level travel turns spent in this place as a percentage of turns spent in this place.
 D = Turns resting spent in this place as a percentage of non-inter-level travel turns spent in this place.
 E = Turns spent auto-exploring this place as a percentage of non-inter-level travel turns spent in this place.
 F = Non-inter-level travel turns spent in this place divided by the number of levels of this place that you've seen.
                   A       B       C       D       E      F
               +-------+-------+-------+-------+-------+----------------------
         Total | 100.0 | 100.0 |   0.0 |   0.0 |   0.0 |  80.7
       Dungeon | 100.0 | 100.0 |   0.0 |   0.0 |   0.0 |  80.7
               +-------+-------+-------+-------+-------+----------------------

Table legend:
 A = Kills in this place as a percentage of kills in entire the game.
 B = Kills by you in this place as a percentage of kills by you in the entire game.
 C = Kills by friends in this place as a percentage of kills by friends in the entire game.
 D = Other kills in this place as a percentage of other kills in the entire game.
 E = Experience gained in this place as a percentage of experience gained in the entire game.
 F = Experience gained in this place divided by the number of levels of this place that you have seen.
                   A       B       C       D       E      F
               +-------+-------+-------+-------+-------+----------------------
         Total | 100.0 | 100.0 |   N/A |   N/A | 100.0 |   7.7
       Dungeon | 100.0 | 100.0 |   N/A |   N/A | 100.0 |   7.7
               +-------+-------+-------+-------+-------+----------------------

Vault maps used:
D:1:      elethiomel_arrival_quiet
D:2:      chequers_temple_overflow_minitemple, nicolae_ashenzari_panopticon,
          chequers_ecumenical_altar_simple_redux
D:3:      nicolae_qazlal_general_emergency, uniq_grinder, uniq_robin
